Mulligans vs Mustangs

Created - 30 octobre 2016 at 19:05

Goals
1 2 3 T
Mulligans 0 3 4 7
Mustangs 0 2 1 3
Shots
1 2 3 T
Mulligans 4 18 11 33
Mustangs 6 20 6 32

1st period

No Goal

Penalties :
Rick Schofield (Ham) for Hooking (Minor) at 3:30, Reilly Smith (Ham) for Slashing (Double Minor) at 11:59

2nd period

1. Mulligans , T.J. Oshie 1 (Nick Bonino, Gord Baldwin) at 1:21
2. Mulligans , Nick Bonino 4 (T.J. Oshie) at 3:42
3. Mustangs , Mark Pysyk 1 (Marcus Foligno, Jim O'Brien) at 8:43
4. Mulligans , Chris Neil 3 (Maxime Macenauer) at 15:14 (SH)
5. Mustangs , Reilly Smith 4 (Riley Armstrong) at 15:24 (PP)

Penalties :
Michael Del Zotto (Rep) for Cross-checking (Minor) at 14:24, Jan Hlavac (Rep) for Hooking (Minor) at 18:23

3rd period

6. Mulligans , Jan Hlavac 2 (Michael Del Zotto, Thomas Hickey) at 1:23
7. Mulligans , Nick Bonino 5 (Chris Neil, Michael Del Zotto) at 7:58 (PP)
8. Mulligans , Jan Hlavac 3 (T.J. Oshie, Matt Donovan) at 10:53
9. Mustangs , Marcus Foligno 2 (Jim O'Brien, Mark Pysyk) at 18:36
10. Mulligans , Tim Schaller 1 (Matt Beleskey, Jonathan Tremblay) at 19:55

Penalties :
J.T. Wyman (Ham) for Tripping (Minor) at 4:20, J.T. Wyman (Ham) for Hooking (Minor) at 7:48, Matt Donovan (Rep) for Hooking (Minor) at 12:06

Goalie Stats

Anders Lindback (Rep), 29 saves from 32 shots - (0,906), W, 1-1-1, 60:00 minutes
Peter Mannino (Ham), 26 saves from 33 shots - (0,788), L, 2-1-0, 60:00 minutes

Players Stats for Mulligans

Player Name              G  A  P  +/- PIM S  H  SB GA TA FO     MP     PP MP  PK MP  
------------------------------------------------------------------------------------
Anton Lander             0  0  0   0  0   0  1  1  0  0  3/9    15:20   0:06   3:08 
Cade Fairchild           0  0  0   0  0   0  1  1  0  0  0/0    10:28   0:00   0:51 
Chris Neil               1  1  2   1  0   3  2  0  0  0  0/0    17:34   3:52   0:49 
Cody Goloubef            0  0  0   1  0   1  0  1  0  0  0/0    11:18   0:18   1:21 
Drayson Bowman           0  0  0  -1  0   2  0  0  0  0  1/1    12:25   0:52   0:44 
Eric Tangradi            0  0  0   1  0   1  5  0  0  0  0/1    18:44   3:23   1:38 
Gord Baldwin             0  1  1   2  0   1  1  0  0  0  0/0    19:49   3:18   3:16 
Jan Hlavac               2  0  2   3  2   4  4  0  0  1  2/3    21:22   3:52   1:47 
Jonathan Tremblay        0  1  1  -1  0   1  2  0  1  0  0/0    11:03   0:00   0:00 
Jordan Szwarz            0  0  0   1  0   0  0  1  0  1  0/0     8:15   0:52   0:00 
Matt Bartkowski          0  0  0   1  0   0  0  0  0  0  0/0     5:40   0:00   1:21 
Matt Beleskey            0  1  1   1  0   1  1  0  1  0  0/0     8:18   0:38   0:00 
Matt Donovan             0  1  1   2  2   2  3  0  0  1  0/0    18:44   3:18   2:12 
Maxime Macenauer         0  1  1   1  0   1  1  0  0  1  3/11   16:55   3:26   0:49 
Michael Del Zotto        0  2  2   1  2   2  0  0  0  2  0/0    23:57   4:31   0:00 
Nick Bonino              2  1  3   2  0   5  3  1  0  0  20/30  18:32   3:57   0:00 
Oliver Lauridsen         0  0  0   0  0   0  0  0  0  0  0/0     5:37   0:18   0:43 
T.J. Oshie               1  2  3   2  0   4  2  1  2  0  0/0    17:58   3:23   0:00 
Thomas Hickey            0  1  1   1  0   0  0  1  0  0  0/0    24:25   4:31   0:12 
Tim Schaller             1  0  1   1  0   5  2  0  0  0  1/2     8:35   0:00   1:01 

Players Stats for Mustangs

Player Name              G  A  P  +/- PIM S  H  SB GA TA FO     MP     PP MP  PK MP  
------------------------------------------------------------------------------------
Alexei Marchenko         0  0  0   0  0   2  1  1  0  0  0/0    19:59   1:22   3:24 
Brandon Saad             0  0  0  -3  0   0  1  0  0  0  1/2    17:42   2:49   0:03 
Cameron Gaunce           0  0  0  -3  0   2  2  3  0  0  0/0    27:22   3:36   4:32 
Denis Bodrov             0  0  0  -3  0   1  2  3  0  1  0/0    27:02   3:36   4:16 
Eric Wellwood            0  0  0  -2  0   2  0  1  2  2  0/0    20:34   1:55   4:06 
J.T. Wyman               0  0  0   1  4   3  2  0  0  0  0/0    12:19   0:00   1:56 
Jerome Samson            0  0  0   0  0   2  1  0  0  0  0/0     7:11   0:00   0:00 
Jim O'Brien              0  2  2   1  0   0  1  0  0  0  3/5    12:34   0:14   1:59 
Joe Finley               0  0  0  -1  0   0  1  1  0  0  0/0    12:39   0:00   0:11 
Joshua Leivo             0  0  0   0  0   1  0  0  0  0  0/0     7:11   0:00   0:00 
Marcus Foligno           1  1  2   1  0   5  0  0  1  0  1/1    12:37   0:14   2:02 
Mark Pysyk               1  1  2   0  0   2  2  2  0  0  0/0    19:59   1:22   3:24 
Reilly Smith             1  0  1  -3  4   5  1  1  1  1  0/1    17:49   3:03   0:00 
Rick Schofield           0  0  0  -2  2   2  0  1  0  0  8/10   18:23   1:55   1:56 
Riley Armstrong          0  1  1  -3  0   3  3  0  0  0  12/36  21:42   2:49   4:03 
Riley Nash               0  0  0   0  0   0  0  0  0  0  2/2     7:20   0:00   0:09 
Ryan Keller              0  0  0  -2  0   2  2  0  1  0  0/0    16:27   1:55   0:00 
Scott Mayfield           0  0  0  -1  0   0  1  1  1  0  0/0    12:59   0:00   0:27 

3 Stars

1 - Nick Bonino (Rep)
2 - Jan Hlavac (Rep)
3 - T.J. Oshie (Rep)

Power Play

Mulligans - 1 on 5 Attempt(s) - 20,00%
Mustangs - 1 on 3 Attempt(s) - 33,33%

Penalty Kill

Mulligans - 2 on 3 Attempt(s) - 66,67% - Score 1 goal in Penalty Kill
Mustangs - 4 on 5 Attempt(s) - 80,00% - Score 0 goal in Penalty Kill

Team Stat

Mulligans - Hits : 28 - Faceoff Wins : 30 - Blocked Shots : 7 - Penalty Minutes : 6
Mustangs - Hits : 20 - Faceoff Wins : 27 - Blocked Shots : 14 - Penalty Minutes : 10

Official

Referees : Joannette Marc and Kowal Tom
Linesman : Thor Nelson and Greg Devorski

Game Notes

No Game Note

Finance

Level 1 -- Attendance: 1455 (72,75%) -- Ticket Income 58 200 $
Level 2 -- Attendance: 666 (66,60%) -- Ticket Income 13 320 $
Total Attendance: 2121 (70,70%)
Total Ticket Income: 71 520 $
Other Income: 3 576 $
Total Income: 75 096 $

Mulligans

5 vs 5 Forward 
   Center                   Left Wing                Right Wing               Time % Phy DF OF 
 1 Nick Bonino              Jan Hlavac               T.J. Oshie               40     0   2  3  
 2 Maxime Macenauer         Eric Tangradi            Chris Neil               30     0   2  3  
 3 Anton Lander             Drayson Bowman           Jonathan Tremblay        20     0   2  3  
 4 Tim Schaller             Matt Beleskey            Jordan Szwarz            10     0   2  3  

5 vs 5 Defense 
   Defense                  Defense                                           Time % Phy DF OF 
 1 Michael Del Zotto        Thomas Hickey                                     40     1   2  2  
 2 Gord Baldwin             Matt Donovan                                      30     1   2  2  
 3 Cody Goloubef            Cade Fairchild                                    20     1   2  2  
 4 Oliver Lauridsen         Matt Bartkowski                                   10     1   4  0  

PowerPlay Forward 
   Center                   Left Wing                Right Wing               Time % Phy DF OF 
 1 Nick Bonino              Jan Hlavac               Chris Neil               60     0   1  4  
 2 Maxime Macenauer         Eric Tangradi            T.J. Oshie               40     0   1  4  

PowerPlay Defense
   Defense                  Defense                                           Time % Phy DF OF 
 1 Michael Del Zotto        Thomas Hickey                                     60     1   1  3  
 2 Gord Baldwin             Matt Donovan                                      40     1   1  3  

Penalty Kill 4 Players Forward 
   Center                   Wing                     Time % Phy DF OF 
 1 Anton Lander             Jan Hlavac               60     0   4  1  
 2 Maxime Macenauer         Chris Neil               40     0   4  1  

Penalty Kill 4 Players Defense
   Defense                  Defense                  Time % Phy DF OF 
 1 Gord Baldwin             Matt Donovan             60     1   4  0  
 2 Cody Goloubef            Matt Bartkowski          40     1   4  0  

Penalty Kill - 3 Players Forward 
   Forward                                           Time % Phy DF OF 
 1 Jan Hlavac                                        60     0   4  1  
 2 Anton Lander                                      40     0   4  1  

Penalty Kill - 3 Players Defense
   Defense                  Defense                  Time % Phy DF OF 
 1 Gord Baldwin             Matt Donovan             60     1   4  0  
 2 Cody Goloubef            Matt Bartkowski          40     1   4  0  

4 vs 4 Forward 
   Center                   Wing                     Time % Phy DF OF 
 1 Nick Bonino              T.J. Oshie               60     0   2  3  
 2 Maxime Macenauer         Chris Neil               40     1   2  2  

4 vs 4 Defense
   Defense                  Defense                  Time % Phy DF OF 
 1 Michael Del Zotto        Thomas Hickey            60     0   2  3  
 2 Gord Baldwin             Matt Donovan             40     1   2  2  

Last Minutes Offensive
   Center                   Left Wing                Right Wing               Defense                  Defense                  
   Nick Bonino              Jan Hlavac               T.J. Oshie               Michael Del Zotto        Thomas Hickey            

Last Minutes Defensive
   Center                   Left Wing                Right Wing               Defense                  Defense                  
   Anton Lander             Jan Hlavac               Chris Neil               Matt Donovan             Cody Goloubef            

Goaltenders
Starting : Anders Lindback          
Backup : Calvin Pickard           

Extra Forwards
Normal : Drayson Bowman, Matt Beleskey, Anton Lander - PP : Drayson Bowman, Matt Beleskey - PK : Anton Lander
Extra Defensemen
Normal : Cody Goloubef, Cade Fairchild, Oliver Lauridsen - PP : Cody Goloubef - PK : Cade Fairchild, Oliver Lauridsen
Penalty Shots
Chris Neil, T.J. Oshie, Nick Bonino, Jonathan Tremblay, Jan Hlavac

Mustangs

5 vs 5 Forward 
   Center                   Left Wing                Right Wing               Time % Phy DF OF 
 1 Riley Armstrong          Brandon Saad             Reilly Smith             40     0   2  3  
 2 Rick Schofield           Eric Wellwood            Ryan Keller              30     0   2  3  
 3 Jim O'Brien              Marcus Foligno           J.T. Wyman               20     0   2  3  
 4 Riley Nash               Joshua Leivo             Jerome Samson            10     0   2  3  

5 vs 5 Defense 
   Defense                  Defense                                           Time % Phy DF OF 
 1 Denis Bodrov             Cameron Gaunce                                    45     1   2  2  
 2 Alexei Marchenko         Mark Pysyk                                        33     1   2  2  
 3 Joe Finley               Scott Mayfield                                    22     1   2  2  
 4 Alexei Marchenko         Scott Mayfield                                    0      1   2  2  

PowerPlay Forward 
   Center                   Left Wing                Right Wing               Time % Phy DF OF 
 1 Riley Armstrong          Brandon Saad             Reilly Smith             60     0   0  5  
 2 Rick Schofield           Eric Wellwood            Ryan Keller              40     0   0  5  

PowerPlay Defense
   Defense                  Defense                                           Time % Phy DF OF 
 1 Denis Bodrov             Cameron Gaunce                                    60     0   1  4  
 2 Alexei Marchenko         Mark Pysyk                                        40     0   1  4  

Penalty Kill 4 Players Forward 
   Center                   Wing                     Time % Phy DF OF 
 1 Riley Armstrong          Eric Wellwood            60     0   5  0  
 2 Rick Schofield           J.T. Wyman               40     0   5  0  

Penalty Kill 4 Players Defense
   Defense                  Defense                  Time % Phy DF OF 
 1 Denis Bodrov             Cameron Gaunce           60     1   4  0  
 2 Alexei Marchenko         Mark Pysyk               40     1   4  0  

Penalty Kill - 3 Players Forward 
   Forward                                           Time % Phy DF OF 
 1 Eric Wellwood                                     60     0   5  0  
 2 Riley Armstrong                                   40     0   5  0  

Penalty Kill - 3 Players Defense
   Defense                  Defense                  Time % Phy DF OF 
 1 Denis Bodrov             Cameron Gaunce           60     1   4  0  
 2 Alexei Marchenko         Mark Pysyk               40     1   4  0  

4 vs 4 Forward 
   Center                   Wing                     Time % Phy DF OF 
 1 Riley Armstrong          Reilly Smith             60     0   1  4  
 2 Rick Schofield           Ryan Keller              40     0   1  4  

4 vs 4 Defense
   Defense                  Defense                  Time % Phy DF OF 
 1 Denis Bodrov             Cameron Gaunce           60     0   2  3  
 2 Alexei Marchenko         Mark Pysyk               40     0   2  3  

Last Minutes Offensive
   Center                   Left Wing                Right Wing               Defense                  Defense                  
   Riley Armstrong          Brandon Saad             Reilly Smith             Denis Bodrov             Cameron Gaunce           

Last Minutes Defensive
   Center                   Left Wing                Right Wing               Defense                  Defense                  
   Riley Armstrong          Eric Wellwood            J.T. Wyman               Denis Bodrov             Cameron Gaunce           

Goaltenders
Starting : Peter Mannino            
Backup : Chet Pickard             

Extra Forwards
Normal : Brandon Saad, Reilly Smith, Eric Wellwood - PP : Brandon Saad, Eric Wellwood - PK : Eric Wellwood
Extra Defensemen
Normal : Denis Bodrov, Mark Pysyk, Alexei Marchenko - PP : Cameron Gaunce - PK : Denis Bodrov, Mark Pysyk
Penalty Shots
Brandon Saad, Reilly Smith, Marcus Foligno, Eric Wellwood, Ryan Keller

% Time on Ice - Mulligans

Lines # - Real PCT - Wanted PCT - Time Play
Normal Forward
1 - 33% - 40% - 15:36
2 - 27% - 30% - 12:42
3 - 24% - 20% - 11:03
4 - 16% - 10% - 7:34
Normal Defense
1 - 42% - 40% - 19:47
2 - 28% - 30% - 13:12
3 - 20% - 20% - 9:37
4 - 9% - 10% - 4:19
PP Forward
1 - 56% - 60% - 4:35
2 - 44% - 40% - 3:32
PP Defense
1 - 59% - 60% - 4:49
2 - 41% - 40% - 3:18
PK Forward
1 - 84% - 60% - 4:09
2 - 16% - 40% - 0:49
PK Defense
1 - 73% - 60% - 3:37
2 - 27% - 40% - 1:21
PK3 Forward
1 - 0% - 60%
2 - 0% - 40%
PK3 Defense
1 - 0% - 60%
2 - 0% - 40%
44 Forward
1 - 0% - 60%
2 - 0% - 40%
44 Defense
1 - 0% - 60%
2 - 0% - 40%
Last Minute Offensive  - 0:00
Last Minute Defensive  - 0:00
Total
Forward - 60:00
Defense - 60:00

% Time on Ice - Mustangs

Lines # - Real PCT - Wanted PCT - Time Play
Normal Forward
1 - 32% - 40% - 14:51
2 - 31% - 30% - 14:32
3 - 22% - 20% - 10:21
4 - 15% - 10% - 7:11
Normal Defense
1 - 41% - 45% - 19:14
2 - 32% - 33% - 15:13
3 - 27% - 22% - 12:28
4 - 0% - 0% - 0:00
PP Forward
1 - 61% - 60% - 3:03
2 - 39% - 40% - 1:55
PP Defense
1 - 72% - 60% - 3:36
2 - 28% - 40% - 1:22
PK Forward
1 - 68% - 60% - 5:30
2 - 32% - 40% - 2:37
PK Defense
1 - 58% - 60% - 4:43
2 - 42% - 40% - 3:24
PK3 Forward
1 - 0% - 60%
2 - 0% - 40%
PK3 Defense
1 - 0% - 60%
2 - 0% - 40%
44 Forward
1 - 0% - 60%
2 - 0% - 40%
44 Defense
1 - 0% - 60%
2 - 0% - 40%
Last Minute Offensive  - 0:00
Last Minute Defensive  - 0:00
Total
Forward - 60:00
Defense - 60:00

Play by Play

1st period


0:01 of 1st period - Riley Armstrong wins face-off versus Nick Bonino in neutral zone.
0:04 of 1st period - Jan Hlavac is hit by Brandon Saad and loses puck.
0:59 of 1st period - Snap shot by Drayson Bowman.
0:59 of 1st period - Shot Blocked by Scott Mayfield.
1:19 of 1st period - Snap shot by Nick Bonino.
1:19 of 1st period - Stopped by Peter Mannino with a rebound.
1:21 of 1st period - Slapshot by Cade Fairchild.
1:21 of 1st period - Shot Misses the Net.
1:37 of 1st period - Wrist shot by Riley Armstrong.
1:37 of 1st period - Shot Blocked by Jordan Szwarz.
1:39 of 1st period - Backhand shot by Riley Armstrong.
1:39 of 1st period - Shot Blocked by Cade Fairchild.
1:53 of 1st period - Rick Schofield is hit by Cade Fairchild and loses puck.
2:22 of 1st period - Wrist shot by J.T. Wyman.
2:22 of 1st period - Stopped by Anders Lindback with a rebound.
2:26 of 1st period - Slapshot by Marcus Foligno.
2:26 of 1st period - Shot Misses the Net.
2:38 of 1st period - Snap shot by Reilly Smith.
2:38 of 1st period - Shot Blocked by Anton Lander.
3:30 of 1st period - Minor Penalty to Rick Schofield for Hooking.
3:31 of 1st period - Nick Bonino wins face-off versus Riley Armstrong in Mustangs zone.
5:23 of 1st period - Riley Armstrong is hit by Eric Tangradi and loses puck.
5:30 of 1st period - Penalty to Rick Schofield is over, Rick Schofield is back on ice.
5:33 of 1st period - Icing by Gord Baldwin.
5:34 of 1st period - Riley Nash wins face-off versus Anton Lander in Mulligans zone.
6:34 of 1st period - Eric Wellwood is hit by Chris Neil and loses puck.
6:53 of 1st period - Snap shot by Jerome Samson.
6:53 of 1st period - Stopped by Anders Lindback with a rebound.
6:55 of 1st period - Snap shot by Alexei Marchenko.
6:55 of 1st period - Stopped by Anders Lindback with a rebound.
6:57 of 1st period - Wrist shot by Jerome Samson.
6:57 of 1st period - Stopped by Anders Lindback without a rebound.
6:58 of 1st period - Nick Bonino wins face-off versus Riley Armstrong in Mulligans zone.
7:14 of 1st period - Jan Hlavac is hit by Riley Armstrong.
7:30 of 1st period - Wrist shot by Maxime Macenauer.
7:30 of 1st period - Deflect By Eric Wellwood.
7:30 of 1st period - Shot Blocked by Eric Wellwood.
7:30 of 1st period - Puck is out of play.
7:31 of 1st period - Rick Schofield wins face-off versus Maxime Macenauer in Mustangs zone.
7:36 of 1st period - Slapshot by Eric Tangradi.
7:36 of 1st period - Shot Blocked by Joe Finley.
8:03 of 1st period - Snap shot by Chris Neil.
8:03 of 1st period - Stopped by Peter Mannino without a rebound.
8:04 of 1st period - Nick Bonino wins face-off versus Riley Armstrong in Mustangs zone.
8:05 of 1st period - Snap shot by T.J. Oshie.
8:05 of 1st period - Shot Blocked by Denis Bodrov.
8:42 of 1st period - Slapshot by Marcus Foligno.
8:42 of 1st period - Stopped by Anders Lindback without a rebound.
8:43 of 1st period - Jim O'Brien wins face-off versus Maxime Macenauer in Mulligans zone.
9:08 of 1st period - Eric Wellwood is hit by Jan Hlavac and loses puck.
9:17 of 1st period - Wrist shot by Rick Schofield.
9:17 of 1st period - Stopped by Anders Lindback without a rebound.
9:18 of 1st period - Jan Hlavac wins face-off versus Brandon Saad in Mulligans zone.
9:33 of 1st period - Slapshot by T.J. Oshie.
9:33 of 1st period - Shot Hit the Post.
9:40 of 1st period - Icing by Scott Mayfield.
9:41 of 1st period - Rick Schofield wins face-off versus Maxime Macenauer in Mustangs zone.
9:41 of 1st period - Rick Schofield is hit by Eric Tangradi.
11:07 of 1st period - Icing by Joe Finley.
11:08 of 1st period - Riley Nash wins face-off versus Maxime Macenauer in Mustangs zone.
11:36 of 1st period - Off-side.
11:37 of 1st period - Nick Bonino wins face-off versus Rick Schofield in neutral zone.
11:53 of 1st period - Wrist shot by Nick Bonino.
11:53 of 1st period - Stopped by Peter Mannino with a rebound.
11:55 of 1st period - Wrist shot by T.J. Oshie.
11:55 of 1st period - Stopped by Peter Mannino without a rebound.
11:56 of 1st period - Maxime Macenauer wins face-off versus Riley Armstrong in Mustangs zone.
11:57 of 1st period - Wrist shot by Eric Tangradi.
11:57 of 1st period - Shot Misses the Net.
11:59 of 1st period - Double Minor Penalty to Reilly Smith for Slashing.
12:00 of 1st period - Riley Armstrong wins face-off versus Nick Bonino in Mustangs zone.
12:03 of 1st period - Wrist shot by Nick Bonino.
12:03 of 1st period - Shot Blocked by Cameron Gaunce.
12:19 of 1st period - Icing by Jan Hlavac.
12:20 of 1st period - Riley Armstrong wins face-off versus Nick Bonino in Mulligans zone.
12:43 of 1st period - Wrist shot by T.J. Oshie.
12:43 of 1st period - Shot Misses the Net.
14:03 of 1st period - Nick Bonino is hit by J.T. Wyman and loses puck.
14:27 of 1st period - Riley Armstrong is hit by T.J. Oshie and loses puck.
14:38 of 1st period - Marcus Foligno is hit by Matt Beleskey and loses puck.
15:59 of 1st period - Penalty to Reilly Smith is over, Reilly Smith is back on ice.
16:52 of 1st period - Tim Schaller is hit by Joe Finley and loses puck.
17:45 of 1st period - Mark Pysyk is hit by Nick Bonino and loses puck.
18:47 of 1st period - Matt Bartkowski is hit by Denis Bodrov and loses puck.
19:02 of 1st period - Wrist shot by Denis Bodrov.
19:02 of 1st period - Shot Misses the Net.
19:49 of 1st period - Jan Hlavac is hit by Scott Mayfield and loses puck.
Goals for this period are 0 for Mulligans vs 0 for Mustangs.
Shots for this period are 4 for Mulligans vs 6 for Mustangs.

2nd period


0:01 of 2nd period - Nick Bonino wins face-off versus Riley Armstrong in neutral zone.
1:21 of 2nd period - Wrist shot by T.J. Oshie.
1:21 of 2nd period - Goal by T.J. Oshie - Mulligans : 1 - Mustangs : 0.
1:22 of 2nd period - Nick Bonino wins face-off versus Riley Armstrong in neutral zone.
2:29 of 2nd period - Icing by Alexei Marchenko.
2:30 of 2nd period - Rick Schofield wins face-off versus Tim Schaller in Mustangs zone.
2:53 of 2nd period - Rick Schofield is hit by Tim Schaller and loses puck.
3:14 of 2nd period - Snap shot by Matt Beleskey.
3:14 of 2nd period - Deflect By Tim Schaller.
3:14 of 2nd period - Stopped by Peter Mannino with a rebound.
3:16 of 2nd period - Slapshot by Matt Beleskey.
3:16 of 2nd period - Shot Misses the Net.
3:18 of 2nd period - Snap shot by Jordan Szwarz.
3:18 of 2nd period - Shot Misses the Net.
3:20 of 2nd period - Slapshot by Tim Schaller.
3:20 of 2nd period - Stopped by Peter Mannino without a rebound.
3:21 of 2nd period - Nick Bonino wins face-off versus Riley Armstrong in Mustangs zone.
3:28 of 2nd period - Wrist shot by Nick Bonino.
3:28 of 2nd period - Shot Blocked by Denis Bodrov.
3:30 of 2nd period - Snap shot by T.J. Oshie.
3:30 of 2nd period - Deflect By Reilly Smith.
3:30 of 2nd period - Stopped by Peter Mannino without a rebound.
3:31 of 2nd period - Brandon Saad wins face-off versus Nick Bonino in Mustangs zone.
3:31 of 2nd period - Riley Armstrong is hit by Nick Bonino and loses puck.
3:42 of 2nd period - Snap shot by Nick Bonino.
3:42 of 2nd period - Goal by Nick Bonino - Mulligans : 2 - Mustangs : 0.
3:43 of 2nd period - Nick Bonino wins face-off versus Riley Armstrong in neutral zone.
3:46 of 2nd period - Denis Bodrov is hit by Jan Hlavac and loses puck.
3:57 of 2nd period - Wrist shot by Riley Armstrong.
3:57 of 2nd period - Stopped by Anders Lindback with a rebound.
3:59 of 2nd period - Wrist shot by Reilly Smith.
3:59 of 2nd period - Stopped by Anders Lindback without a rebound.
4:00 of 2nd period - Maxime Macenauer wins face-off versus Jim O'Brien in Mulligans zone.
4:09 of 2nd period - Slapshot by J.T. Wyman.
4:09 of 2nd period - Shot Misses the Net.
4:34 of 2nd period - Snap shot by Reilly Smith.
4:34 of 2nd period - Shot Misses the Net.
4:36 of 2nd period - Snap shot by Brandon Saad.
4:36 of 2nd period - Shot Blocked by T.J. Oshie.
4:38 of 2nd period - Wrist shot by Denis Bodrov.
4:38 of 2nd period - Stopped by Anders Lindback without a rebound.
4:39 of 2nd period - Rick Schofield wins face-off versus Anton Lander in Mulligans zone.
4:42 of 2nd period - Wrist shot by Eric Wellwood.
4:42 of 2nd period - Shot Misses the Net.
4:44 of 2nd period - Slapshot by Alexei Marchenko.
4:44 of 2nd period - Stopped by Anders Lindback without a rebound.
4:45 of 2nd period - Drayson Bowman wins face-off versus Rick Schofield in Mulligans zone.
4:58 of 2nd period - Snap shot by Eric Wellwood.
4:58 of 2nd period - Stopped by Anders Lindback with a rebound.
5:00 of 2nd period - Slapshot by Rick Schofield.
5:00 of 2nd period - Shot Misses the Net.
5:10 of 2nd period - Reilly Smith is hit by Gord Baldwin and loses puck.
5:23 of 2nd period - Slapshot by Matt Donovan.
5:23 of 2nd period - Shot Blocked by Alexei Marchenko.
5:36 of 2nd period - Wrist shot by Mark Pysyk.
5:36 of 2nd period - Shot Misses the Net.
6:46 of 2nd period - Anton Lander is hit by J.T. Wyman and loses puck.
6:59 of 2nd period - Slapshot by Riley Armstrong.
6:59 of 2nd period - Shot Misses the Net.
7:01 of 2nd period - Snap shot by Reilly Smith.
7:01 of 2nd period - Stopped by Anders Lindback with a rebound.
7:13 of 2nd period - Jonathan Tremblay is hit by Riley Armstrong and loses puck.
7:22 of 2nd period - Brandon Saad is hit by Jonathan Tremblay and loses puck.
7:27 of 2nd period - Snap shot by Jonathan Tremblay.
7:27 of 2nd period - Stopped by Peter Mannino without a rebound.
7:28 of 2nd period - Nick Bonino wins face-off versus Jim O'Brien in Mustangs zone.
7:33 of 2nd period - Wrist shot by T.J. Oshie.
7:33 of 2nd period - Shot Misses the Net.
7:35 of 2nd period - Snap shot by Jan Hlavac.
7:35 of 2nd period - Stopped by Peter Mannino with a rebound.
7:37 of 2nd period - Snap shot by T.J. Oshie.
7:37 of 2nd period - Shot Blocked by Mark Pysyk.
7:39 of 2nd period - Snap shot by T.J. Oshie.
7:39 of 2nd period - Stopped by Peter Mannino with a rebound.
7:43 of 2nd period - Snap shot by T.J. Oshie.
7:43 of 2nd period - Deflect By Jan Hlavac.
7:43 of 2nd period - Shot Misses the Net.
7:43 of 2nd period - Puck is out of play.
7:44 of 2nd period - Rick Schofield wins face-off versus Maxime Macenauer in Mustangs zone.
7:51 of 2nd period - Wrist shot by Ryan Keller.
7:51 of 2nd period - Stopped by Anders Lindback with a rebound.
7:53 of 2nd period - Slapshot by Cameron Gaunce.
7:53 of 2nd period - Stopped by Anders Lindback without a rebound.
7:54 of 2nd period - Rick Schofield wins face-off versus Maxime Macenauer in Mulligans zone.
8:00 of 2nd period - Icing by Matt Donovan.
8:01 of 2nd period - Riley Armstrong wins face-off versus Maxime Macenauer in Mulligans zone.
8:02 of 2nd period - Snap shot by Reilly Smith.
8:02 of 2nd period - Stopped by Anders Lindback without a rebound.
8:03 of 2nd period - Riley Armstrong wins face-off versus Nick Bonino in Mulligans zone.
8:04 of 2nd period - Wrist shot by Reilly Smith.
8:04 of 2nd period - Stopped by Anders Lindback with a rebound.
8:16 of 2nd period - Snap shot by Nick Bonino.
8:16 of 2nd period - Shot Blocked by Reilly Smith.
8:18 of 2nd period - Snap shot by Nick Bonino.
8:18 of 2nd period - Stopped by Peter Mannino with a rebound.
8:28 of 2nd period - Brandon Saad is hit by Matt Donovan and loses puck.
8:33 of 2nd period - Snap shot by Drayson Bowman.
8:33 of 2nd period - Stopped by Peter Mannino with a rebound.
8:35 of 2nd period - Snap shot by Cody Goloubef.
8:35 of 2nd period - Stopped by Peter Mannino without a rebound.
8:36 of 2nd period - Jim O'Brien wins face-off versus Jan Hlavac in Mustangs zone.
8:43 of 2nd period - Slapshot by Mark Pysyk.
8:43 of 2nd period - Goal by Mark Pysyk - Mulligans : 2 - Mustangs : 1.
8:44 of 2nd period - Riley Armstrong wins face-off versus Nick Bonino in neutral zone.
9:11 of 2nd period - Maxime Macenauer is hit by Ryan Keller and loses puck.
9:36 of 2nd period - Jonathan Tremblay is hit by Jerome Samson and loses puck.
9:43 of 2nd period - Snap shot by Jerome Samson.
9:43 of 2nd period - Shot Misses the Net.
9:45 of 2nd period - Wrist shot by Joshua Leivo.
9:45 of 2nd period - Stopped by Anders Lindback with a rebound.
10:02 of 2nd period - Snap shot by Marcus Foligno.
10:02 of 2nd period - Stopped by Anders Lindback without a rebound.
10:03 of 2nd period - Jan Hlavac wins face-off versus Riley Armstrong in Mulligans zone.
10:08 of 2nd period - Slapshot by Riley Armstrong.
10:08 of 2nd period - Shot Blocked by Nick Bonino.
10:10 of 2nd period - Slapshot by Denis Bodrov.
10:10 of 2nd period - Shot Misses the Net.
10:12 of 2nd period - Snap shot by Riley Armstrong.
10:12 of 2nd period - Stopped by Anders Lindback with a rebound.
10:14 of 2nd period - Slapshot by Cameron Gaunce.
10:14 of 2nd period - Stopped by Anders Lindback without a rebound.
10:15 of 2nd period - Nick Bonino wins face-off versus Riley Armstrong in Mulligans zone.
10:26 of 2nd period - Jan Hlavac is hit by Riley Armstrong and loses puck.
11:24 of 2nd period - Cameron Gaunce is hit by Matt Donovan and loses puck.
12:07 of 2nd period - Wrist shot by Chris Neil.
12:07 of 2nd period - Stopped by Peter Mannino with a rebound.
12:09 of 2nd period - Snap shot by Eric Tangradi.
12:09 of 2nd period - Stopped by Peter Mannino without a rebound.
12:10 of 2nd period - Nick Bonino wins face-off versus Riley Armstrong in Mustangs zone.
12:35 of 2nd period - Mark Pysyk is hit by Anton Lander and loses puck.
12:44 of 2nd period - Wrist shot by Drayson Bowman.
12:44 of 2nd period - Stopped by Peter Mannino with a rebound.
12:46 of 2nd period - Slapshot by Matt Donovan.
12:46 of 2nd period - Stopped by Peter Mannino with a rebound.
12:58 of 2nd period - Snap shot by Chris Neil.
12:58 of 2nd period - Shot Misses the Net.
13:08 of 2nd period - Snap shot by Maxime Macenauer.
13:08 of 2nd period - Stopped by Peter Mannino without a rebound.
13:09 of 2nd period - Nick Bonino wins face-off versus Riley Armstrong in Mustangs zone.
13:20 of 2nd period - Riley Armstrong is hit by T.J. Oshie and loses puck.
13:40 of 2nd period - Snap shot by Eric Tangradi.
13:40 of 2nd period - Deflect By Chris Neil.
13:40 of 2nd period - Shot Misses the Net.
13:40 of 2nd period - Puck is out of play.
13:41 of 2nd period - Rick Schofield wins face-off versus Maxime Macenauer in Mustangs zone.
13:41 of 2nd period - Rick Schofield is hit by Chris Neil.
13:55 of 2nd period - Slapshot by Matt Donovan.
13:55 of 2nd period - Stopped by Peter Mannino without a rebound.
13:56 of 2nd period - Nick Bonino wins face-off versus Riley Armstrong in Mustangs zone.
14:11 of 2nd period - Wrist shot by Nick Bonino.
14:11 of 2nd period - Shot Blocked by Denis Bodrov.
14:24 of 2nd period - Minor Penalty to Michael Del Zotto for Cross-checking.
14:25 of 2nd period - Anton Lander wins face-off versus Riley Armstrong in Mulligans zone.
14:56 of 2nd period - Snap shot by Ryan Keller.
14:56 of 2nd period - Shot Misses the Net.
15:14 of 2nd period - Slapshot by Chris Neil.
15:14 of 2nd period - Goal by Chris Neil - Mulligans : 3 - Mustangs : 1.
15:15 of 2nd period - Riley Armstrong wins face-off versus Anton Lander in neutral zone.
15:24 of 2nd period - Slapshot by Reilly Smith.
15:24 of 2nd period - Goal by Reilly Smith - Mulligans : 3 - Mustangs : 2.
15:25 of 2nd period - Riley Armstrong wins face-off versus Nick Bonino in neutral zone.
15:52 of 2nd period - Eric Tangradi is hit by Mark Pysyk and loses puck.
16:14 of 2nd period - Snap shot by Marcus Foligno.
16:14 of 2nd period - Stopped by Anders Lindback with a rebound.
16:16 of 2nd period - Slapshot by Denis Bodrov.
16:16 of 2nd period - Deflect By Marcus Foligno.
16:16 of 2nd period - Stopped by Anders Lindback with a rebound.
16:52 of 2nd period - Brandon Saad is hit by Tim Schaller and loses puck.
17:17 of 2nd period - Chris Neil is hit by Mark Pysyk and loses puck.
17:41 of 2nd period - Drayson Bowman is hit by Jim O'Brien and loses puck.
18:00 of 2nd period - Off-side.
18:01 of 2nd period - Nick Bonino wins face-off versus Reilly Smith in neutral zone.
18:23 of 2nd period - Minor Penalty to Jan Hlavac for Hooking.
18:24 of 2nd period - Anton Lander wins face-off versus Riley Armstrong in Mulligans zone.
18:24 of 2nd period - Anton Lander is hit by Reilly Smith.
18:50 of 2nd period - Anton Lander is hit by Denis Bodrov and loses puck.
18:55 of 2nd period - Snap shot by Ryan Keller.
18:55 of 2nd period - Deflect By Rick Schofield.
18:55 of 2nd period - Stopped by Anders Lindback with a rebound.
18:57 of 2nd period - Snap shot by Eric Wellwood.
18:57 of 2nd period - Stopped by Anders Lindback with a rebound.
Goals for this period are 3 for Mulligans vs 2 for Mustangs.
Shots for this period are 18 for Mulligans vs 20 for Mustangs.

3rd period


0:01 of 3rd period - Anton Lander wins face-off versus Riley Armstrong in neutral zone.
0:23 of 3rd period - Penalty to Jan Hlavac is over, Jan Hlavac is back on ice.
0:32 of 3rd period - Icing by Michael Del Zotto.
0:33 of 3rd period - Rick Schofield wins face-off versus Anton Lander in Mulligans zone.
0:40 of 3rd period - Eric Wellwood is hit by Jan Hlavac and loses puck.
0:57 of 3rd period - Slapshot by Michael Del Zotto.
0:57 of 3rd period - Shot Misses the Net.
1:03 of 3rd period - Wrist shot by Anton Lander.
1:03 of 3rd period - Shot Misses the Net.
1:05 of 3rd period - Slapshot by Michael Del Zotto.
1:05 of 3rd period - Shot Misses the Net.
1:23 of 3rd period - Wrist shot by Jan Hlavac.
1:23 of 3rd period - Goal by Jan Hlavac - Mulligans : 4 - Mustangs : 2.
1:24 of 3rd period - Tim Schaller wins face-off versus Riley Armstrong in neutral zone.
2:20 of 3rd period - Backhand shot by Eric Wellwood.
2:20 of 3rd period - Shot Hit the Post.
2:40 of 3rd period - Snap shot by Riley Armstrong.
2:40 of 3rd period - Shot Misses the Net.
2:42 of 3rd period - Slapshot by Reilly Smith.
2:42 of 3rd period - Deflect By Riley Armstrong.
2:42 of 3rd period - Stopped by Anders Lindback with a rebound.
4:20 of 3rd period - Minor Penalty to J.T. Wyman for Tripping.
4:21 of 3rd period - Riley Armstrong wins face-off versus Nick Bonino in Mustangs zone.
4:30 of 3rd period - Eric Wellwood is hit by Nick Bonino and loses puck.
4:55 of 3rd period - Icing by Eric Tangradi.
4:56 of 3rd period - Maxime Macenauer wins face-off versus Riley Armstrong in Mulligans zone.
5:19 of 3rd period - Snap shot by Rick Schofield.
5:19 of 3rd period - Shot Hit the Post.
5:31 of 3rd period - Slapshot by Michael Del Zotto.
5:31 of 3rd period - Stopped by Peter Mannino with a rebound.
6:20 of 3rd period - Penalty to J.T. Wyman is over, J.T. Wyman is back on ice.
6:29 of 3rd period - Joe Finley is hit by Matt Donovan.
7:48 of 3rd period - Minor Penalty to J.T. Wyman for Hooking.
7:49 of 3rd period - Nick Bonino wins face-off versus Riley Armstrong in Mustangs zone.
7:56 of 3rd period - Snap shot by Nick Bonino.
7:56 of 3rd period - Shot Blocked by Cameron Gaunce.
7:58 of 3rd period - Slapshot by Nick Bonino.
7:58 of 3rd period - Goal by Nick Bonino - Mulligans : 5 - Mustangs : 2.
7:59 of 3rd period - Nick Bonino wins face-off versus Riley Armstrong in neutral zone.
8:02 of 3rd period - Slapshot by Gord Baldwin.
8:02 of 3rd period - Shot Blocked by Cameron Gaunce.
8:08 of 3rd period - Snap shot by T.J. Oshie.
8:08 of 3rd period - Deflect By Jan Hlavac.
8:08 of 3rd period - Stopped by Peter Mannino with a rebound.
8:42 of 3rd period - Denis Bodrov is hit by Eric Tangradi and loses puck.
8:55 of 3rd period - Slapshot by Eric Tangradi.
8:55 of 3rd period - Shot Misses the Net.
9:29 of 3rd period - Chris Neil is hit by Ryan Keller and loses puck.
9:38 of 3rd period - Cameron Gaunce is hit by Eric Tangradi and loses puck.
10:39 of 3rd period - Snap shot by Ryan Keller.
10:39 of 3rd period - Stopped by Anders Lindback without a rebound.
10:40 of 3rd period - Nick Bonino wins face-off versus Riley Armstrong in Mulligans zone.
10:53 of 3rd period - Wrist shot by Jan Hlavac.
10:53 of 3rd period - Goal by Jan Hlavac - Mulligans : 6 - Mustangs : 2.
10:54 of 3rd period - Nick Bonino wins face-off versus Riley Armstrong in neutral zone.
11:30 of 3rd period - Slapshot by Gord Baldwin.
11:30 of 3rd period - Stopped by Peter Mannino without a rebound.
11:31 of 3rd period - Nick Bonino wins face-off versus Riley Armstrong in Mustangs zone.
11:55 of 3rd period - Icing by Jim O'Brien.
11:56 of 3rd period - Jim O'Brien wins face-off versus Anton Lander in Mustangs zone.
12:06 of 3rd period - Minor Penalty to Matt Donovan for Hooking.
12:07 of 3rd period - Riley Armstrong wins face-off versus Anton Lander in Mulligans zone.
13:01 of 3rd period - Eric Wellwood is hit by Maxime Macenauer and loses puck.
14:06 of 3rd period - Penalty to Matt Donovan is over, Matt Donovan is back on ice.
14:13 of 3rd period - Snap shot by Tim Schaller.
14:13 of 3rd period - Shot Misses the Net.
14:15 of 3rd period - Slapshot by Jordan Szwarz.
14:15 of 3rd period - Shot Blocked by Mark Pysyk.
14:29 of 3rd period - Mark Pysyk is hit by Eric Tangradi and loses puck.
15:31 of 3rd period - Jonathan Tremblay is hit by Cameron Gaunce and loses puck.
16:33 of 3rd period - Matt Bartkowski is hit by Cameron Gaunce and loses puck.
17:11 of 3rd period - Slapshot by Cody Goloubef.
17:11 of 3rd period - Shot Blocked by Rick Schofield.
17:13 of 3rd period - Wrist shot by Tim Schaller.
17:13 of 3rd period - Stopped by Peter Mannino without a rebound.
17:14 of 3rd period - Riley Armstrong wins face-off versus Eric Tangradi in Mustangs zone.
17:21 of 3rd period - Snap shot by Riley Armstrong.
17:21 of 3rd period - Shot Misses the Net.
17:39 of 3rd period - Slapshot by Michael Del Zotto.
17:39 of 3rd period - Deflect By Denis Bodrov.
17:39 of 3rd period - Stopped by Peter Mannino without a rebound.
17:40 of 3rd period - Marcus Foligno wins face-off versus Nick Bonino in Mustangs zone.
17:40 of 3rd period - Marcus Foligno is hit by Jan Hlavac.
17:52 of 3rd period - Snap shot by Nick Bonino.
17:52 of 3rd period - Shot Misses the Net.
18:11 of 3rd period - Drayson Bowman is hit by Alexei Marchenko and loses puck.
18:16 of 3rd period - Snap shot by Marcus Foligno.
18:16 of 3rd period - Shot Blocked by Thomas Hickey.
18:18 of 3rd period - Snap shot by J.T. Wyman.
18:18 of 3rd period - Stopped by Anders Lindback with a rebound.
18:24 of 3rd period - Slapshot by J.T. Wyman.
18:24 of 3rd period - Stopped by Anders Lindback with a rebound.
18:26 of 3rd period - Slapshot by Mark Pysyk.
18:26 of 3rd period - Stopped by Anders Lindback with a rebound.
18:28 of 3rd period - Wrist shot by Jim O'Brien.
18:28 of 3rd period - Shot Misses the Net.
18:30 of 3rd period - Wrist shot by Marcus Foligno.
18:30 of 3rd period - Shot Misses the Net.
18:32 of 3rd period - Snap shot by Mark Pysyk.
18:32 of 3rd period - Shot Misses the Net.
18:36 of 3rd period - Slapshot by Jim O'Brien.
18:36 of 3rd period - Deflect By Marcus Foligno.
18:36 of 3rd period - Goal by Marcus Foligno - Mulligans : 6 - Mustangs : 3.
18:37 of 3rd period - Nick Bonino wins face-off versus Riley Armstrong in neutral zone.
18:51 of 3rd period - Slapshot by Matt Donovan.
18:51 of 3rd period - Shot Misses the Net.
19:10 of 3rd period - Snap shot by Ryan Keller.
19:10 of 3rd period - Shot Blocked by Cody Goloubef.
19:30 of 3rd period - Alexei Marchenko is hit by Jonathan Tremblay and loses puck.
19:37 of 3rd period - Slapshot by Riley Nash.
19:37 of 3rd period - Shot Misses the Net.
19:51 of 3rd period - Slapshot by Matt Beleskey.
19:51 of 3rd period - Stopped by Peter Mannino with a rebound.
19:53 of 3rd period - Snap shot by Tim Schaller.
19:53 of 3rd period - Stopped by Peter Mannino with a rebound.
19:55 of 3rd period - Wrist shot by Tim Schaller.
19:55 of 3rd period - Goal by Tim Schaller - Mulligans : 7 - Mustangs : 3.
19:56 of 3rd period - Riley Armstrong wins face-off versus Nick Bonino in neutral zone.
Goals for this period are 4 for Mulligans vs 1 for Mustangs.
Shots for this period are 11 for Mulligans vs 6 for Mustangs.